Map: Lightshade LE

Players

Wangjangler

  • Race: Zerg Zerg
  • Spawn Location: 11:00

DANKCRAFT - Winner!

  • Race: Terran Terran
  • League: Master
  • Spawn Location: 5:00

VOD

Have the link to the VOD?

Description

Time

  • Played on: Feb. 20, 2021, 4:50 p.m.
  • Length: 6:37
Show
View Real Time Build Order
Export as new Build Order

Wangjangler Zerg 

Build Orders: Hatch First 

Get SALT Encoding   

  12  0:01  Drone  
  13  0:13  Overlord  
  13  0:17  Drone  
  14  0:32  Drone x2  
  16  0:50  Hatchery  
  16  0:56  Drone  
  16  0:58  Drone  
  16  1:01  Drone  
  18  1:16  Spawning Pool  
  17  1:18  Drone  
  17  1:22  Drone  
  19  1:31  Drone  
  20  1:33  Extractor  
  19  1:42  Drone  
  20  2:03  Zergling x2  
  20  2:04  Zergling x4  
  20  2:07  Queen  
  25  2:11  Queen  
  27  2:21  Zergling x2  
  27  2:32  Zergling x2  
  27  2:39  Overlord x2  
  27  2:57  Queen  
  29  3:00  Zergling x10  
  32  3:12  Zergling x4  
  34  3:23  Extractor, Zergling x8  
  36  3:29  Drone  
  35  3:42  Zergling x6  
  36  3:53  Metabolic Boost  
  36  3:55  Zergling x8  
  40  4:09  Zergling x4  
  43  4:10  Zergling x4  
  42  4:22  Overlord x3  
  42  4:23  Overlord  
  42  4:41  Zergling x2  
  42  4:44  Zergling x2  
  44  4:49  Zergling x4  
  44  4:50  Zergling x2  
  47  5:02  Zergling x2  
  33  5:31  Zergling x6  
  33  5:32  Zergling x2  
  29  5:47  Zergling x8  
Show
View Real Time Build Order
Export as new Build Order

DANKCRAFT Terran - Winner!

Build Orders:  

Get SALT Encoding   

  12  0:00  SCV  
  13  0:12  SCV  
  14  0:27  Supply Depot  
  14  0:28  SCV  
  15  0:48  SCV  
  16  0:55  Barracks  
  16  1:00  SCV  
  16  1:01  Refinery  
  17  1:25  Command Center  
  17  1:44  Bunker  
  17  1:45  Supply Depot  
  17  1:50  Bunker  
  17  1:52  Marine  
  18  1:57  Bunker  
  18  2:01  SCV  
  19  2:09  Marine  
  19  2:13  SCV  
  21  2:17  Barracks  
  21  2:25  SCV  
  21  2:27  Marine  
  23  2:37  SCV  
  24  2:45  Marine  
  24  2:49  SCV  
  26  2:51  Supply Depot  
  26  3:03  Marine  
  27  3:08  SCV  
  27  3:10  Marine  
  29  3:21  Marine  
  30  3:34  Command Center  
  30  3:35  SCV  
  30  3:39  Marine  
  32  3:43  Bunker  
  32  3:45  Bunker  
  32  3:56  Marine  
  33  4:24  Engineering Bay  
  32  4:27  Refinery  
  32  4:28  Marine  
  33  4:42  Factory  
  33  4:45  Marine  
  33  4:49  Planetary Fortress  
  30  5:36  SCV x2  
  32  5:48  SCV x2  
  33  5:53  Factory Tech Lab  
  33  6:00  SCV x2  
  33  6:01  Starport  
  33  6:04  Starport  
  33  6:12  SCV x2  
  33  6:24  SCV  
Tags
 
League
Master
Matchup
TvZ
Spawn Locations
Cross Positions
Add a new tag
Caveats
  • Supply blocks, unpowered buildings, or Contaminate may cause inaccurate times.
  • Supply counts are checked every 10 seconds.